[Event "Team 45 45 League T54"]
[Site "Internet Chess Club"]
[Date "2012.09.21"]
[Round "6"]
[White "hidemitsu"]
[Black "chiiwen"]
[Result "1/2-1/2"]
[WhiteElo "2188"]
[BlackElo "2172"]
[Opening "QGD Slav: 4.Nc3"]
[ECO "D15"]
[Time "22:05:05"]
[TimeControl "2700+45"]

1. d4 d5 2. c4 c6 3. Nf3 Nf6 4. Nc3 a6 5. cxd5 cxd5 6. Bg5 Ne4 7. Bf4 Nc6 8. e3
Nxc3 9. bxc3 g6 10. c4 Bg7 11. Rc1 dxc4 12. Bxc4 O-O 13. O-O Bg4 14. h3 Bxf3 15.
Qxf3 e5 16. dxe5 Bxe5 17. Rfd1 Qe7 18. Bd5 Bxf4 19. Qxf4 Rad8 20. Qc4 Rd6 21. e4
Qd7 22. Qc5 Rd8 23. Bb3 Rxd1+ 24. Rxd1 Qe7 25. Qxe7 Rxd1+ 26. Bxd1 Nxe7 27. f4
Nc6 28. Kf2 Kf8 29. Ke3 Ke7 30. e5 b6 31. g4 g5 32. fxg5 Nxe5 33. h4 f6 34.
gxf6+ Kxf6 35. g5+ Kg7 36. Ke4 Nc6 37. a3 h6 38. Kd5 Ne7+ 39. Ke6 Ng6 40. h5
Nf4+ 41. Kf5 hxg5 42. Kxg5 Nd5 43. h6+ Kh8 44. Be2 b5 45. Kf5 {Game drawn by
mutual agreement} 1/2-1/2

[Event "Team 45 45 League T54"]
[Site "Internet Chess Club"]
[Date "2012.09.21"]
[Round "6"]
[White "MassCarnage"]
[Black "QueensCounselor"]
[Result "1-0"]
[WhiteElo "2068"]
[BlackElo "2048"]
[Opening "Scotch gambit: Dubois-Réti defense"]
[ECO "C55"]
[Time "13:00:23"]
[TimeControl "2700+45"]

1. e4 e5 2. d4 exd4 3. Bc4 Nc6 4. Nf3 Nf6 5. e5 d5 6. Bb5 Ne4 7. Nxd4 Bd7 8.
Bxc6 bxc6 9. O-O Bc5 10. f3 Ng5 11. f4 Ne6 12. Be3 Nxd4 13. Bxd4 Bxd4+ 14. Qxd4
O-O 15. f5 g6 16. f6 Qb8 17. Qf4 Kh8 18. Nd2 Qb6+ 19. Kh1 g5 20. Qxg5 Rg8 21.
Qh5 Qe3 22. Nf3 Qe2 23. Rg1 Bg4 24. Rae1 Qxe1 25. Qh6 Bxf3 26. Rxe1 Bxg2+ 27.
Kg1 Be4+ 28. Kf2 Rg2+ 29. Ke3 Rag8 30. Re2 {Black resigns} 1-0

[Event "Team 45 45 League T54"]
[Site "Internet Chess Club"]
[Date "2012.09.20"]
[Round "6"]
[White "barbak"]
[Black "Geeloo"]
[Result "1-0"]
[WhiteElo "1951"]
[BlackElo "2020"]
[Opening "Ruy Lopez: Schliemann defense"]
[ECO "C63"]
[Time "14:41:26"]
[TimeControl "2700+45"]

1. e4 e5 2. Nf3 Nc6 3. Bb5 f5 4. d3 fxe4 5. dxe4 Nf6 6. O-O Bc5 7. Qd3 d6 8. Qc4
Qe7 9. Nc3 Bd7 10. Nd5 Nxd5 11. exd5 Nd4 12. Bxd7+ Qxd7 13. Nxd4 Bxd4 14. a4 a6
15. Be3 Ba7 16. Bxa7 Rxa7 17. f4 O-O 18. fxe5 Rxf1+ 19. Rxf1 b5 20. Qf4 Ra8 21.
e6 Qe7 22. Qb4 Qg5 23. c4 Qe3+ 24. Kh1 Rf8 25. Re1 Rf2 26. h3 Qg3 27. Rg1 g5 28.
Qe1 Kf8 29. Qe4 g4 30. Qxh7 gxh3 31. e7+ Ke8 32. Qh8+ Kxe7 33. Re1+ Kf7 34. Qe8+
Kf6 35. Qf8+ Kg5 36. Qg7+ Kf4 37. Re4+ Kxe4 38. Qxg3 hxg2+ 39. Kg1 Rxb2 40. Qg6+
Ke3 41. axb5 axb5 42. Qg3+ Ke4 43. Qc3 Re2 44. cxb5 Re3 45. Qxc7 Kxd5 46. b6
{Black resigns} 1-0

[Event "Team 45 45 League T54"]
[Site "Internet Chess Club"]
[Date "2012.09.23"]
[Round "6"]
[White "MikeA"]
[Black "universe"]
[Result "1/2-1/2"]
[WhiteElo "2254"]
[BlackElo "2188"]
[Opening "French: Tarrasch, closed variation"]
[ECO "C05"]
[Time "21:36:01"]
[TimeControl "2700+45"]

1. e4 e6 2. d4 d5 3. Nd2 Nf6 4. e5 Nfd7 5. f4 c5 6. c3 Nc6 7. Ndf3 Be7 8. Bd3
cxd4 9. Nxd4 Nc5 10. Ngf3 Nxd3+ 11. Qxd3 Bd7 12. O-O O-O 13. Be3 Na5 14. Nd2 Qc7
15. Rac1 Rfc8 16. f5 Nc4 17. Nxc4 Qxc4 18. Qxc4 Rxc4 19. fxe6 fxe6 20. g4 Rcc8
21. Rf2 Bc5 22. Rcf1 Rf8 23. Rxf8+ Rxf8 24. Nf5 Bxe3+ 25. Nxe3 Bb5 26. Rxf8+
Kxf8 27. Kg2 Bd3 28. Kf3 g5 29. Kg2 Kg7 30. Kf3 Kg6 31. Kf2 Kf7 32. Kf3 Ke7
{Game drawn by mutual agreement} 1/2-1/2

[Event "Team 45 45 League T54"]
[Site "Internet Chess Club"]
[Date "2012.09.22"]
[Round "6"]
[White "Campagnolo"]
[Black "StephenHawking"]
[Result "1/2-1/2"]
[WhiteElo "2081"]
[BlackElo "2227"]
[Opening "Catalan: open, 5.Nf3"]
[ECO "E04"]
[Time "21:09:25"]
[TimeControl "2700+45"]

1. Nf3 Nf6 2. c4 e6 3. g3 d5 4. d4 dxc4 5. Bg2 a6 6. Ne5 c5 7. Na3 cxd4 8. Naxc4
Bc5 9. O-O O-O 10. Bd2 Nd5 11. Nd3 Ba7 12. Ba5 b6 13. Bb4 Re8 14. Ba3 Qf6 15.
Rc1 Nd7 16. Nb4 Nc5 17. Nc6 Bb7 18. Nxa7 Rxa7 19. Nxb6 Nxb6 20. Bxc5 Bxg2 21.
Kxg2 e5 22. Qd3 Raa8 23. Qe4 Qe6 24. b3 Nd5 25. Rc2 Rac8 26. Rfc1 Nc3 27. Rxc3
dxc3 28. Rxc3 Qc6 29. Qxc6 Rxc6 30. b4 Rd8 31. Kf3 f6 32. h4 Kf7 33. Ke3 Rd7 34.
Rd3 Rxd3+ 35. exd3 g6 36. d4 Ke6 37. Ke4 f5+ 38. Kd3 Rc8 39. dxe5 Kxe5 40. Kc4
Rd8 41. Be3 Rd1 42. a4 Kd6 43. b5 axb5+ 44. axb5 Rb1 45. b6 h5 46. Bc5+ Kc6 47.
Be3 Rd1 48. Kc3 Rd6 49. Kc4 Re6 50. Kd3 Re4 51. Kc3 f4 52. gxf4 Ra4 53. Kd3 Rb4
54. Bd4 Kd5 55. Kc3 Rc4+ 56. Kb3 Rc8 57. Be3 Kc6 58. Kc4 Rd8 59. Kc3 Rd1 60. Kc4
Rh1 61. Kd4 Kxb6 62. Ke5+ Kc6 63. Kf6 Rxh4 64. Kxg6 Rg4+ {Game drawn by mutual
agreement} 1/2-1/2

[Event "Team 45 45 League T54"]
[Site "Internet Chess Club"]
[Date "2012.09.23"]
[Round "6"]
[White "perikitosax"]
[Black "TerryMalloy"]
[Result "1/2-1/2"]
[WhiteElo "1956"]
[BlackElo "1977"]
[Opening "Benkö gambit accepted"]
[ECO "A58"]
[Time "09:16:47"]
[TimeControl "2700+45"]

1. d4 Nf6 2. c4 c5 3. d5 b5 4. cxb5 a6 5. bxa6 g6 6. Nc3 Bxa6 7. g3 d6 8. Bg2
Bg7 9. Nf3 Nbd7 10. Rb1 Nb6 11. b3 Bc8 12. Nh4 h6 13. Qc2 Qd7 14. O-O g5 15. Nf3
Nfxd5 16. Nxd5 Nxd5 17. a4 Nb4 18. Qd2 Bb7 19. Bb2 O-O 20. Bxg7 Kxg7 21. Nxg5
hxg5 22. Qxg5+ Kh7 23. Qh5+ {Game drawn by mutual agreement} 1/2-1/2

[Event "Team 45 45 League T54"]
[Site "Internet Chess Club"]
[Date "2012.09.23"]
[Round "6"]
[White "gsvc"]
[Black "chess9793"]
[Result "1/2-1/2"]
[WhiteElo "2396"]
[BlackElo "2148"]
[Opening "Sicilian: accelerated fianchetto, modern variation"]
[ECO "B34"]
[Time "16:00:52"]
[TimeControl "2700+45"]

1. e4 c5 2. Nf3 Nc6 3. d4 cxd4 4. Nxd4 g6 5. Nc3 Bg7 6. Nde2 d6 7. g3 Nf6 8. Bg2
O-O 9. O-O Bd7 10. a4 Rc8 11. Nd5 Ne5 12. h3 Nxd5 13. exd5 Re8 14. Ra2 e6 15.
Nf4 exd5 16. Nxd5 Be6 17. Be3 Qd7 18. Bxa7 Nc6 19. Be3 Bxd5 20. Bxd5 Nb4 21. Ra3
Nxd5 22. Qxd5 Rxc2 23. Rb3 Rxb2 24. Rb1 Rxb3 25. Rxb3 Qxa4 26. Rxb7 {Game drawn
by mutual agreement} 1/2-1/2

[Event "Team 45 45 League T54"]
[Site "Internet Chess Club"]
[Date "2012.09.23"]
[Round "6"]
[White "JustinSane"]
[Black "Legal"]
[Result "1/2-1/2"]
[WhiteElo "2015"]
[BlackElo "1998"]
[Opening "Neo-Grünfeld, 6.O-O, main line"]
[ECO "D79"]
[Time "20:10:44"]
[TimeControl "2700+45"]

1. Nf3 Nf6 2. g3 g6 3. Bg2 Bg7 4. O-O O-O 5. d4 d5 6. c4 c6 7. cxd5 cxd5 8. Nc3
Nc6 9. Qb3 a6 10. Na4 b5 11. Nc5 Na5 12. Qd1 Nc4 13. b3 Nd6 14. Bf4 Nfe4 15. Rc1
b4 16. Bxd6 exd6 17. Nd3 Qa5 18. e3 Bd7 19. Kh1 Rfc8 20. Ng1 Rxc1 21. Qxc1 Rc8
22. Qb2 Bb5 23. Rd1 Nc3 24. Rd2 Bxd3 25. Rxd3 Nxa2 26. Ne2 Qa3 27. Rd2 Nc1 28.
Bxd5 Nxe2 29. Rxe2 Qa5 30. Be4 Rc3 31. Rc2 Bf8 32. Rxc3 bxc3 33. Qc2 d5 34. Bd3
Ba3 35. Kg2 Bb2 36. Qe2 Qb6 37. Bxa6 Qxb3 38. Bd3 Kg7 39. Bc2 Qb6 40. Qf3 Qb7
41. h4 Bc1 42. Qd1 Bd2 43. Qb1 Qa6 44. Bd3 Qe6 45. Qb3 h5 46. Bc2 Qc6 47. Qa2
Qb5 48. Qb1 Qe2 49. Qf1 Qg4 50. Qb5 Qe6 {Game drawn by mutual agreement} 1/2-1/2

[Event "Team 45 45 League T54"]
[Site "Internet Chess Club"]
[Date "2012.09.21"]
[Round "6"]
[White "Dracoac"]
[Black "Killian"]
[Result "1-0"]
[WhiteElo "1851"]
[BlackElo "1977"]
[Opening "QGD Slav: 3.Nf3"]
[ECO "D11"]
[Time "15:17:28"]
[TimeControl "2700+45"]

1. Nf3 d5 2. d4 c6 3. c4 Nf6 4. g3 Bf5 5. Qb3 Qb6 6. c5 Qxb3 7. axb3 Nbd7 8. b4
a5 9. Nc3 Ne4 10. Rxa5 Rxa5 11. bxa5 e5 12. e3 Nxc3 13. bxc3 e4 14. Nh4 Be6 15.
Kd2 Be7 16. Ng2 O-O 17. Ba3 Ra8 18. Bb4 Bd8 19. Be2 g5 20. h4 h6 21. hxg5 hxg5
22. Kc2 Kg7 23. Kb2 Ra7 24. Ra1 Bc7 25. a6 b5 26. cxb6 Bxb6 27. Ne1 Nb8 28. Bd6
Nd7 29. Nc2 Nf6 30. Bb8 Ra8 31. a7 Nd7 32. Ra6 Bd8 33. Bd6 Bb6 34. Nb4 Rxa7 35.
Rxa7 Bxa7 36. Nxc6 Bb6 37. Kb3 f6 38. Ba6 Kf7 39. Nb4 Ba5 40. Nc6 Bb6 41. Kb4
Ke8 42. Kb5 f5 43. Bc8 Bd8 44. Nb8 Bf6 45. Na6 Kf7 46. Nc7 Bd8 47. Nxe6 Kxe6 48.
Kc6 {Black resigns} 1-0

[Event "Team 45 45 League T54"]
[Site "Internet Chess Club"]
[Date "2012.09.23"]
[Round "6"]
[White "iletrado"]
[Black "LazyPeon"]
[Result "0-1"]
[WhiteElo "1756"]
[BlackElo "1759"]
[Opening "English: symmetrical, Benoni formation"]
[ECO "A31"]
[Time "16:00:08"]
[TimeControl "2700+45"]

1. d4 Nf6 2. c4 c5 3. Nf3 cxd4 4. Nxd4 g6 5. Nc3 Bg7 6. e3 O-O 7. Be2 Nc6 8. O-O
d6 9. b3 e5 10. Ndb5 a6 11. Nxd6 Qe7 12. Nxc8 Raxc8 13. Bb2 Rfd8 14. Qc1 e4 15.
Rd1 Qe6 16. a3 Rd7 17. Qc2 Rcd8 18. Rxd7 Rxd7 19. Rd1 Ne7 20. Rxd7 Nxd7 21. Qd1
h5 22. Na4 Bxb2 23. Nxb2 a5 24. Qd2 b6 25. h3 Nc6 26. Nd1 Nc5 27. b4 Qd7 28.
Qxd7 Nxd7 29. b5 Nce5 30. Nc3 f5 31. Nd5 Kf7 32. Kf1 Ke6 33. Ke1 Kd6 34. Kd2 Kc5
35. Kc3 Nf8 36. f3 exf3 37. gxf3 h4 38. Nf4 Nh7 39. Nd3+ Nxd3 40. Bxd3 Ng5 41.
e4 fxe4 42. Bxe4 Nxe4+ 43. fxe4 g5 44. Kd3 g4 45. Ke3 gxh3 46. Kf3 Kxc4 47. e5
Kd5 {White resigns} 0-1

[Event "Team 45 45 League T54"]
[Site "Internet Chess Club"]
[Date "2012.09.20"]
[Round "6"]
[White "Buford-Julep"]
[Black "calily"]
[Result "1/2-1/2"]
[WhiteElo "1645"]
[BlackElo "1663"]
[Opening "Caro-Kann: classical, Spassky variation"]
[ECO "B19"]
[Time "10:04:18"]
[TimeControl "2700+45"]

1. e4 c6 2. d4 d5 3. Nd2 dxe4 4. Nxe4 Bf5 5. Ng3 Bg6 6. h4 h6 7. Nf3 Nd7 8. h5
Bh7 9. Bd3 Bxd3 10. Qxd3 e6 11. Bf4 Qa5+ 12. c3 Ngf6 13. Ne4 Nxe4 14. Qxe4 Nf6
15. Qe5 Qxe5+ 16. Nxe5 Nd7 17. O-O-O Nxe5 {Game drawn by mutual agreement}
1/2-1/2

[Event "Team 45 45 League T54"]
[Site "Internet Chess Club"]
[Date "2012.09.22"]
[Round "6"]
[White "isolani"]
[Black "losscause"]
[Result "1/2-1/2"]
[WhiteElo "1612"]
[BlackElo "1628"]
[Opening "Réti: King's Indian attack (Barcza system)"]
[ECO "A07"]
[Time "19:00:41"]
[TimeControl "2700+45"]

1. Nf3 d5 2. g3 Nf6 3. Bg2 e6 4. O-O Bd6 5. d3 e5 6. Nc3 c6 7. e4 dxe4 8. dxe4
Qc7 9. Qe2 Bg4 10. h3 Bxf3 11. Qxf3 Nbd7 12. Be3 Bc5 13. Rad1 Bxe3 14. Qxe3 O-O
15. Rd3 b6 16. Rfd1 Nc5 17. R3d2 Rad8 18. Qg5 Ne6 19. Qe3 Rxd2 20. Rxd2 Rd8 21.
Ne2 Rxd2 22. Qxd2 Qd7 23. Qxd7 Nxd7 24. f4 Nd4 25. Nxd4 exd4 26. Kf2 c5 27. Ke2
f6 28. Kd3 Kf7 29. h4 Ke7 30. Bh3 Nb8 31. h5 h6 32. Kc4 Kd6 33. Bg2 {Game drawn
by mutual agreement} 1/2-1/2

[Event "Team 45 45 League T54"]
[Site "Internet Chess Club"]
[Date "2012.09.20"]
[Round "6"]
[White "SirIvanhoe"]
[Black "pereelcoix"]
[Result "1/2-1/2"]
[WhiteElo "1550"]
[BlackElo "1368"]
[Opening "Pirc defense"]
[ECO "B07"]
[Time "13:00:10"]
[TimeControl "2700+45"]

1. e4 d6 2. d4 Nf6 3. Nc3 g6 4. Be3 c6 5. Nf3 Bg7 6. Be2 O-O 7. O-O Qb6 8. Rb1
Bg4 9. Qd2 Nbd7 10. Rfd1 Rfc8 11. Bh6 Bxf3 12. Bxf3 Bxh6 13. Qxh6 c5 14. Qe3
cxd4 15. Qxd4 Rc7 16. Qxb6 Nxb6 17. Rd4 Rac8 18. Re1 Rc5 19. Bd1 Kg7 20. Na4
Nxa4 21. Rxa4 a6 22. f3 h5 23. c3 e5 24. Bb3 Nd7 25. Rd1 Nb6 26. Ra3 R5c6 27.
Bd5 Nxd5 28. Rxd5 f6 29. Rb3 b5 30. Kf2 Kh6 31. Rb4 g5 32. a4 bxa4 33. Rxa4 Rb6
34. Ra2 Rcb8 35. b4 Rc6 36. Ra3 Rbc8 37. Rd3 Kg6 38. Ke3 Kf7 39. Kd2 Ke6 40. Rd5
Rb6 41. Rda5 Rcc6 42. Kd3 h4 43. R3a4 f5 44. Rd5 Rb5 45. Rxb5 axb5 46. Ra5 Rb6
47. c4 bxc4+ 48. Kxc4 Rc6+ 49. Kd3 Rb6 50. b5 fxe4+ 51. fxe4 Rb7 52. Ke3 Rc7 53.
b6 Rc3+ 54. Kd2 Rb3 55. Ra6 Kd7 56. Kc2 Rb5 57. Ra7+ Kc6 58. Rg7 Rxb6 59. Rxg5
Rb7 60. g3 hxg3 61. hxg3 Kc5 62. Kc3 Ra7 63. Kb3 Kd4 64. Rg4 Rb7+ 65. Kc2 Rc7+
66. Kb3 Rc3+ 67. Kb4 Re3 68. Rg6 Rxe4 69. Rxd6+ Ke3+ 70. Kc3 Rg4 71. Rd3+ Kf2
72. Kd2 Rxg3 73. Rxg3 Kxg3 74. Ke3 Kg4 75. Ke4 Kg5 76. Kxe5 {Game drawn because
neither player has mating material} 1/2-1/2

[Event "Team 45 45 League T54"]
[Site "Internet Chess Club"]
[Date "2012.09.23"]
[Round "6"]
[White "otherook"]
[Black "cBishop"]
[Result "1-0"]
[WhiteElo "1777"]
[BlackElo "1570"]
[Opening "English opening"]
[ECO "A20"]
[Time "12:07:45"]
[TimeControl "2700+45"]

1. c4 e5 2. g3 Nc6 3. Bg2 b6 4. Nc3 Bb7 5. Nf3 Nf6 6. O-O Qc8 7. e3 Be7 8. d4
exd4 9. exd4 O-O 10. d5 Nb8 11. b3 a5 12. Bb2 d6 13. Re1 Bd8 14. Ne4 Nbd7 15.
Bh3 Nxe4 16. Rxe4 f5 17. Re1 Nc5 18. Nd4 g6 19. Ne6 Nxe6 20. Rxe6 c5 21. Qd2 Qc7
22. Qc3 Bf6 23. Rxf6 Rxf6 24. Qxf6 Qf7 25. Qh8# {Black checkmated} 1-0

[Event "Team 45 45 League T54"]
[Site "Internet Chess Club"]
[Date "2012.09.23"]
[Round "6"]
[White "cepheid"]
[Black "crazyhorses"]
[Result "1-0"]
[WhiteElo "1640"]
[BlackElo "1465"]
[Opening "Sicilian: Alapin's variation (2.c3)"]
[ECO "B22"]
[Time "15:30:38"]
[TimeControl "2700+45"]

1. e4 c5 2. c3 d5 3. exd5 Qxd5 4. d4 Nc6 5. Nf3 Nf6 6. Be3 Bf5 7. Na3 O-O-O 8.
Bc4 Qe4 9. O-O h6 10. Re1 Bg4 11. Be2 Nd5 12. Nd2 Nxe3 13. Nxe4 Nxd1 14. Bxg4+
e6 15. Bxd1 cxd4 16. cxd4 Bxa3 17. bxa3 Rxd4 18. Bb3 a5 19. Nc3 Rhd8 20. Rad1
Rd3 21. Rxd3 Rxd3 22. Re3 Rd8 23. Kf1 Kc7 24. Nb5+ Kb6 25. a4 Nb4 26. Ke2 Kc5
27. a3 Nc6 28. Rc3+ Kb6 29. Rd3 Rf8 30. f4 e5 31. Kf3 f5 32. Rd7 e4+ 33. Ke3 Kc5
34. Nd4 b6 35. Ne6# {Black checkmated} 1-0

[Event "Team 45 45 League T54"]
[Site "Internet Chess Club"]
[Date "2012.09.23"]
[Round "6"]
[White "Whalen"]
[Black "Hal2001"]
[Result "0-1"]
[WhiteElo "1668"]
[BlackElo "1643"]
[Opening "English opening"]
[ECO "A10"]
[Time "08:03:30"]
[TimeControl "2700+45"]

1. c4 g6 2. g3 Bg7 3. Bg2 c5 4. Nc3 d6 5. Nf3 Nc6 6. O-O Nf6 7. d3 O-O 8. Bg5
Bg4 9. Rb1 Qd7 10. Re1 Rfe8 11. a3 Bh3 12. Bh1 Ng4 13. Bd2 h6 14. b4 cxb4 15.
axb4 Nge5 16. Qc1 Nxf3+ 17. Bxf3 Kh7 18. e3 Ne5 19. Be2 Bg4 20. Qd1 Bxe2 21.
Qxe2 Qh3 22. d4 Nc6 23. b5 Nd8 24. Nd5 Qc8 25. Rec1 b6 26. Nb4 Ne6 27. Ra1 Qb7
28. Nc6 a6 29. bxa6 Rxa6 30. Nb4 Rxa1 31. Rxa1 Ra8 32. Rb1 Ng5 33. Nd5 Ra6 34.
f3 e6 35. h4 exd5 36. hxg5 dxc4 37. gxh6 Bh8 38. Kf2 Ra2 39. Rc1 b5 40. Ke1 d5
41. e4 Bxd4 42. exd5 Qxd5 43. Qd1 Qe5+ 44. Qe2 Qxg3+ 45. Kd1 Qg1+ 46. Qe1 Qxe1+
47. Kxe1 Ra1 48. Kd1 Rxc1+ 49. Bxc1 f6 50. Kc2 g5 51. f4 Kxh6 52. fxg5+ fxg5 53.
Kb1 b4 54. Bd2 b3 55. Bc1 Kh5 56. Bxg5 Kxg5 57. Kc1 Kf4 58. Kb1 Ke3 59. Kc1 Kd3
60. Kb1 Kc3 61. Kc1 Be3+ 62. Kb1 b2 63. Ka2 Kc2 {White resigns} 0-1

[Event "Team 45 45 League T54"]
[Site "Internet Chess Club"]
[Date "2012.09.25"]
[Round "6"]
[White "Gilguli"]
[Black "ElmerHo"]
[Result "0-1"]
[WhiteElo "1385"]
[BlackElo "1468"]
[Opening "QGD Slav: exchange variation"]
[ECO "D13"]
[Time "16:08:07"]
[TimeControl "2700+45"]

1. d4 d5 2. Nf3 Nf6 3. c4 c6 4. cxd5 cxd5 5. Nc3 Nc6 6. h3 Bf5 7. Bg5 e6 8. e3
Be7 9. Qb3 Rb8 10. Bf4 Bd6 11. Bxd6 Qxd6 12. Bb5 O-O 13. Nh4 Bg6 14. Nxg6 hxg6
15. O-O Rfc8 16. Rac1 a6 17. Be2 Na5 18. Qa4 Nc4 19. Bxc4 Rxc4 20. Qb3 Qc6 21.
f3 b5 22. Ne2 Rc8 23. Rxc4 bxc4 24. Qc3 Qa4 25. Ra1 Qb5 26. Nf4 Ne8 27. Nd3 Nd6
28. Nc5 Qc6 29. b4 Nb5 30. Qb2 Rb8 31. a4 Nd6 32. Rb1 Kf8 33. Qc2 Ke7 34. e4 f6
35. e5 Nf5 36. g4 Nxd4 37. Qxg6 Nxf3+ 38. Kf2 Nxe5 39. Qxg7+ Nf7 40. Re1 e5 41.
g5 Rxb4 42. gxf6+ Qxf6+ 43. Qxf6+ Kxf6 44. h4 c3 45. Rc1 Rxh4 46. Rxc3 Rf4+ 47.
Ke3 d4+ {White resigns} 0-1

[Event "Team 45 45 League T54"]
[Site "Internet Chess Club"]
[Date "2012.09.23"]
[Round "6"]
[White "justice02"]
[Black "almond123"]
[Result "1-0"]
[WhiteElo "1706"]
[BlackElo "1472"]
[Opening "Grünfeld: exchange variation"]
[ECO "D85"]
[Time "22:01:08"]
[TimeControl "2700+45"]

1. d4 Nf6 2. c4 g6 3. Nc3 d5 4. cxd5 Nxd5 5. e4 Nxc3 6. bxc3 Bg7 7. Qb3 O-O 8.
Bd3 c5 9. d5 Qc7 10. Ne2 Nd7 11. f4 Nb6 12. Be3 Bd7 13. O-O Ba4 14. Qb2 Rac8 15.
Rab1 Rb8 16. Qa3 Rfc8 17. Rxb6 axb6 18. Qxa4 Ra8 19. Qc4 Qd7 20. Rb1 Ra4 21. Qb5
Qxb5 22. Rxb5 Rxa2 23. Bc4 Ra6 24. e5 Ra4 25. Bb3 Ra6 26. c4 Rca8 27. Kf2 Kf8
28. g4 Ke8 29. Nc3 Kd7 30. Ne4 h6 31. Bxc5 Kc7 32. Bxe7 Ra5 33. Rb4 Bf8 34. Bxf8
Rxf8 35. d6+ Kc6 36. Ba4+ b5 37. Bxb5+ Kb6 38. Ba4+ Ka7 39. Nc3 Kb8 40. Nd5 Rd8
41. Ne7 Ka7 42. Ke3 Ka6 43. Kd4 Ka7 44. c5 Ka6 45. Kc4 Ka7 46. c6 b6 47. c7
{Black resigns} 1-0

[Event "Team 45 45 League T54"]
[Site "Internet Chess Club"]
[Date "2012.09.23"]
[Round "6"]
[White "lionking819"]
[Black "RD1974"]
[Result "0-1"]
[WhiteElo "1480"]
[BlackElo "1617"]
[Opening "Scandinavian: Pytel-Wade variation"]
[ECO "B01"]
[Time "18:08:04"]
[TimeControl "2700+45"]

1. e4 d5 2. exd5 Qxd5 3. Nc3 Qd6 4. Nf3 Nf6 5. d4 a6 6. Bc4 e6 7. O-O b5 8. Bd3
Bb7 9. Re1 Be7 10. Bg5 Nbd7 11. Qe2 O-O 12. Rad1 c5 13. dxc5 Qxc5 14. Be3 Qc7
15. Bd4 Ng4 16. Be4 Nc5 17. Bxb7 Nxb7 18. Ne5 Nf6 19. Ng4 Qf4 20. Nxf6+ Bxf6 21.
Bxf6 Qxf6 22. Rd7 Na5 23. Nd1 Nc4 24. c3 Nb6 25. Rb7 Nd5 26. Ne3 Nf4 27. Qf3 Qg5
28. Rd1 Ng6 29. Rdd7 Ne5 30. Qd1 Nxd7 31. Qxd7 Qd8 32. Qc6 Qd2 33. h3 Qxb2
{White resigns} 0-1

[Event "Team 45 45 League T54"]
[Site "Internet Chess Club"]
[Date "2012.09.22"]
[Round "6"]
[White "KevinTaylor"]
[Black "chess-fan"]
[Result "0-1"]
[WhiteElo "1536"]
[BlackElo "1702"]
[Opening "King's Indian: Torre attack"]
[ECO "A48"]
[Time "12:01:41"]
[TimeControl "2700+45"]

1. d4 Nf6 2. Nf3 g6 3. Bg5 Bg7 4. c3 d5 5. Nbd2 Bf5 6. e3 a6 7. Be2 Nc6 8. O-O
O-O 9. c4 Qd7 10. cxd5 Qxd5 11. Bc4 Qd7 12. a3 Rad8 13. b4 b5 14. Ba2 Be6 15.
Nb3 Ne4 16. Rc1 Bg4 17. Bh4 g5 18. Bg3 e5 19. h3 Bh5 20. Qc2 Nxg3 21. fxg3 Ne7
22. g4 Bg6 23. Qxc7 Qxc7 24. Rxc7 Nd5 25. Rc6 Nxe3 26. Rfc1 exd4 27. Nxg5 d3 28.
Nd2 Bh6 29. Ngf3 Nc2 30. Rxa6 Ra8 31. Rxa8 Rxa8 32. g5 Bg7 33. Bb3 Rxa3 34. Bxc2
dxc2 35. Ne1 Ra1 36. Rxa1 Bxa1 37. Nb3 Bb2 38. Nxc2 Bxc2 39. Nc5 Bd4+ 40. Kf1
Bxc5 41. bxc5 Kf8 42. Ke2 Ke7 43. Kd2 Be4 44. Ke3 Bxg2 45. Kd4 Kd7 46. Ke5 Bxh3
47. Kf6 b4 48. Kxf7 b3 49. Kg7 b2 50. Kxh7 b1=Q+ 51. g6 Bf5 52. Kh6 Bxg6 53. c6+
Kxc6 54. Kg7 Qf5 55. Kh8 Qf8# {White checkmated} 0-1

[Event "Team 45 45 League T54"]
[Site "Internet Chess Club"]
[Date "2012.09.22"]
[Round "6"]
[White "ilovechess"]
[Black "palm47"]
[Result "1-0"]
[WhiteElo "1497"]
[BlackElo "1499"]
[Opening "Pirc defense"]
[ECO "B07"]
[Time "21:07:15"]
[TimeControl "2700+45"]

1. e4 d6 2. d4 Nf6 3. Nc3 g6 4. Bf4 Nc6 5. Bb5 Bg4 6. f3 Bd7 7. Nge2 a6 8. Ba4
b5 9. Bb3 e5 10. Bg5 exd4 11. Nxd4 Nxd4 12. Qxd4 Bg7 13. e5 dxe5 14. Qxe5+ Kf8
15. Ne4 Nxe4 16. Qxe4 Qe8 17. O-O Bf5 18. Qb4+ Kg8 19. c3 c6 20. Rfe1 Qc8 21.
Rad1 Bf8 22. Qf4 Qb8 23. Qh4 h6 24. Bf6 Rh7 25. Kh1 g5 26. Qf2 Qb7 27. Rd2 Be6
28. Rxe6 fxe6 29. Bxe6+ Rf7 30. Rd7 Qxd7 31. Bxd7 Rxd7 32. h3 Rd1+ 33. Kh2 Bd6+
34. g3 Re8 35. Qc2 Kf7 36. Qxd1 Bxg3+ 37. Kxg3 Kxf6 38. Qd6+ Re6 39. Qf8+ Ke5
40. f4+ gxf4+ 41. Qxf4+ Kd5 42. Qd4# {Black checkmated} 1-0

[Event "Team 45 45 League T54"]
[Site "Internet Chess Club"]
[Date "2012.09.23"]
[Round "6"]
[White "wildcat2023"]
[Black "Timotheous"]
[Result "0-1"]
[WhiteElo "1521"]
[BlackElo "1666"]
[Opening "Sicilian: accelerated fianchetto, modern variation"]
[ECO "B34"]
[Time "10:05:32"]
[TimeControl "2700+45"]

1. e4 c5 2. Nf3 Nc6 3. d4 cxd4 4. Nxd4 g6 5. Nc3 Bg7 6. Nf3 d6 7. Bc4 Nf6 8. e5
dxe5 9. Qxd8+ Nxd8 10. Nxe5 O-O 11. O-O a6 12. a4 Bf5 13. Bb3 Rc8 14. Bg5 h6 15.
Bxf6 Bxf6 16. Nd5 Bxe5 17. Nxe7+ Kg7 18. Nxc8 Bxc8 19. Rae1 Bxb2 20. Re7 Bf6 21.
Rc7 Bf5 22. c4 Be4 23. f3 Bc6 24. Rd1 Ne6 25. g4 Nxc7 26. Kg2 Rd8 27. Rxd8 Bxd8
28. c5 Bd5 29. Bc2 Be7 30. h4 Bxc5 31. Kg3 b5 32. f4 b4 33. h5 gxh5 34. g5 hxg5
35. fxg5 b3 36. Bd3 b2 37. Bb1 Ne6 38. Kh4 Bf3 39. Kg3 Bg4 40. Kh4 Nd4 41. Kg3
Bf5 42. Bxf5 Nxf5+ 43. Kf4 Kg6 44. a5 b1=Q 45. Kf3 Qc2 46. Kf4 Bd6+ 47. Kf3 Qd3+
48. Kg2 Qe2+ 49. Kh1 Qh2# {White checkmated} 0-1

[Event "Team 45 45 League T54"]
[Site "Internet Chess Club"]
[Date "2012.09.22"]
[Round "6"]
[White "supermessi"]
[Black "anna"]
[Result "1-0"]
[WhiteElo "1629"]
[BlackElo "1649"]
[Opening "QGD: exchange, positional line"]
[ECO "D35"]
[Time "16:00:14"]
[TimeControl "2700+45"]

1. d4 d5 2. c4 e6 3. Nc3 Nf6 4. cxd5 exd5 5. Bg5 Nbd7 6. e3 Be7 7. Bd3 O-O 8.
Nge2 h6 9. Bxf6 Nxf6 10. O-O c6 11. Qc2 Bd7 12. Rac1 b5 13. Ng3 Re8 14. Rfd1 Bd6
15. Nf5 Bf8 16. Ne2 g6 17. Nfg3 Bg7 18. h3 Nh7 19. Nh5 Qg5 20. Nxg7 Kxg7 21. Kf1
Qf6 22. Qd2 Ng5 23. Ng1 Re7 24. Re1 Bf5 25. f3 Bd7 26. Bb1 Ne6 27. Qf2 h5 28.
Ne2 h4 29. Rc2 Rh8 30. Kg1 Qg5 31. Rd2 Nc7 32. f4 Qf6 33. Qf3 g5 34. Kh1 gxf4
35. Nxf4 Qg5 36. Rf2 Rh6 37. Nd3 Rf6 38. Qe2 Rxf2 39. Qxf2 Ne8 40. Ne5 Nf6 41.
Nf3 Qg3 42. Qxg3+ hxg3 43. Ne5 Be8 44. Kg1 Nh7 45. Bxh7 Kxh7 46. Kf1 f6 47. Nd3
Bg6 48. Nf4 Be4 49. Ke2 Kh6 50. Rc1 Rc7 51. Rc5 a6 52. Kf1 Rc8 53. Ne2 Kg5 54.
Nxg3 Bg6 55. Kf2 f5 56. Ne2 Bf7 57. Kg3 Be8 58. Nf4 Bd7 59. Rc2 Re8 60. Kf3 Rh8
61. Rc3 Re8 62. Nd3 Rc8 63. Nc5 Be8 64. Ra3 a5 65. Rxa5 Bh5+ 66. Kg3 Re8 67. Ra3
Bd1 68. Rd3 Be2 69. Rc3 b4 70. Rc2 Bb5 71. Kf3 Ra8 72. b3 Rh8 73. Rd2 Rf8 74.
Ne6+ {Black resigns} 1-0